 Dungeon Crawl Stone Soup version 0.25-a0-1133-g93ebf739aa (webtiles) character file.

Game seed: 12357999025383008463, levelgen mode: deterministic

257 vurker the Charlatan (level 6, -5/47 HPs)
             Began as a Human Artificer on May 20, 2020.
             Killed themself with a badly aimed fireball (15 damage)
             ... on level 3 of the Dungeon.
             The game lasted 00:04:29 (2429 turns).

vurker the Charlatan (Human Artificer)              Turns: 2429, Time: 00:04:30

Health: -5/47      AC:  7    Str: 14    XL:     6   Next: 39%
Magic:  9/9        EV: 11    Int: 12    God:
Gold:   117        SH:  0    Dex: 13    Spells: 5/5 levels left

rFire    . . .     SeeInvis .   c - +2 dagger (drain)
rCold    . . .     Gourm    .   (no shield)
rNeg     . . .     Faith    .   p - +0 ring mail
rPois    .         Spirit   .   k - +0 helmet (curse)
rElec    .         Reflect  .   (no cloak)
rCorr    .         Harm     .   (no gloves)
MR       .....                  o - +0 pair of boots
Stlth    +.........             (no amulet)
HPRegen  0.15/turn              (no ring)
MPRegen  0.11/turn              (no ring)

@: stab, drained
A: no striking features
a: no special abilities


You were on level 3 of the Dungeon.
You were not hungry.

You visited 1 branch of the dungeon, and saw 3 of its levels.
You also visited: Sewer.

You collected 117 gold pieces.

Inventory:

Hand Weapons
 c - a +2 dagger of draining (weapon)
   (You took it off a goblin on level 3 of the Dungeon)
 m - a +1 dagger of venom
   (You took it off a goblin on level 1 of the Dungeon)
Armour
 k - a cursed +0 helmet (worn)
   (You found it on level 1 of the Dungeon)
 o - a +0 pair of boots (worn)
   (You found it on level 2 of the Dungeon)
 p - a +0 ring mail (worn)
   (You found it on level 2 of the Dungeon)
Wands
 d - a wand of enslavement (15)
 f - a wand of random effects (11)
 t - a wand of flame (12)
Scrolls
 a - 3 scrolls of magic mapping
 g - a scroll of fog {unknown}
 h - a scroll of remove curse {unknown}
 l - a scroll of amnesia {unknown}
Potions
 b - 2 potions of haste
 i - a potion of curing
 n - a potion of flight
Comestibles
 e - 3 rations


   Skills:
 + Level 3.0(2.1) Fighting
 - Level 1.0(0.1) Short Blades
 + Level 2.6(1.7) Armour
 + Level 3.4(2.5) Dodging
 - Level 1.0(0.1) Stealth
 + Level 4.2(3.3) Evocations


You had 5 spell levels left.
You didn't know any spells.
Your spell library was empty.

Dungeon Overview and Level Annotations

Branches:
Dungeon (3/15)              Sewer (visited)

Altars:
Nemelex Xobeh

Annotations:
D:3 Grinder


Message History

The floor.
Okay, then.
Your +1 dagger of venom stops dripping with poison.
You sense an unholy aura.
c - a +2 dagger of draining (weapon)
Grinder gestures at you.
You suddenly lose the ability to move!
Grinder gestures at you.
You shrug off the repeated paralysis!
Grinder gestures at you. You resist with significant effort.
You can move again.
Grinder says, "You look like you could use a good racking."
Grinder gestures at you.
You shrug off the repeated paralysis!
Your ring mail prevents you from hitting Grinder.
Grinder splashes around in the water.
You barely miss Grinder. You hit Grinder but do no damage.
Grinder hits you but does no damage.
You hit Grinder.
Grinder blinks!
You enter the shallow water.
Moving in this stuff is going to be slow.
Grinder blinks!
Aim: Grinder (lightly wounded)
The bolt of poison misses Grinder.
Aim: Grinder (lightly wounded) Grinder seems to speed up.
Your extra speed is starting to run out.
Aim: Grinder (lightly wounded, fast) Grinder flickers and vanishes!
Deactivating autopickup; reactivate with Ctrl-A.
Okay, then.
You suddenly lose the ability to move!
Something hits you!
You writhe in agony.
You feel yourself slow down. Something hits you.
You writhe in agony.
Something hits you.
You writhe in agony.
Pain shoots through your body!
* * * LOW HITPOINT WARNING * * *
You can move again.
Unknown command.
Nothing appears to happen.
Something hits you but does no damage.
Unknown command.
The fireball explodes!
The fireball engulfs something!
The fireball engulfs you!
You die...

####... ######......
###########.......... .
.........##.##≈≈.≈≈# .[
#...........#.##≈≈.≈≈##...
#.............≈≈.....≈≈≈.. ####
#.............≈≈..††.≈≈... ...##
#........@....≈≈.[...≈....
....####.............≈≈...†.≈≈≈..
##....##.............≈≈.....≈≈...
#....##...÷)...####.##≈≈≈≈≈##...
##....##.............##≈≈≈≈≈# ..
÷)....##...................... .
##....#####....................
#....#...............>........
##......###.##.†..............


There were no monsters in sight!

Vanquished Creatures
  A crocodile (Sewer)
  Natasha (thrice) (D:3)
  3 adders
  An ooze (D:2)
  2 worms
  3 dart slugs
  4 leopard geckos
  9 bats
  2 giant cockroaches
  6 hobgoblins
  A quokka (D:3)
  3 ball pythons (D:3)
  4 frilled lizards
  12 goblins
  9 kobolds
  8 rats
71 creatures vanquished.

Notes
Turn   | Place    | Note
-------+----------+-------------------------------------------
     0 | D:1      | vurker the Human Artificer began the quest for the Orb.
     0 | D:1      | Reached XP level 1. HP: 15/15 MP: 3/3
    60 | D:1      | Reached XP level 2. HP: 11/21 MP: 4/4
   705 | D:1      | Reached XP level 3. HP: 26/26 MP: 5/5
   831 | D:2      | Reached skill level 1 in Armour
  1049 | D:2      | Reached XP level 4. HP: 33/33 MP: 6/6
  1614 | D:3      | Noticed Grinder
  1738 | D:3      | Noticed Natasha
  1749 | D:3      | Killed Natasha
  1749 | D:3      | Reached XP level 5. HP: 19/38 MP: 7/7
  1754 | D:3      | Found a sparkling altar of Nemelex Xobeh.
  1777 | D:3      | Noticed Natasha
  1795 | D:3      | Killed Natasha
  1826 | D:3      | Noticed Natasha
  1936 | D:3      | Killed Natasha
  1936 | D:3      | Reached skill level 4 in Evocations
  2017 | D:3      | Found a glowing drain.
  2027 | Sewer    | Entered a sewer
  2118 | Sewer    | Noticed a crocodile
  2130 | Sewer    | Killed a crocodile
  2130 | Sewer    | Reached XP level 6. HP: 21/47 MP: 9/9
  2402 | D:3      | Paralysed by Grinder for 6 turns
  2423 | D:3      | Paralysed by something for 4 turns
  2429 | D:3      | Killed themself with a badly aimed fireball

Illustrated notes

Levels and vault maps discovered:
D:1:      lightli_arrival_statue_moat, layout_rooms
D:2:      minmay_recursive_quarters, layout_rooms
D:3:      layout_rooms, lemuel_doored_altar, cheibrodos_sewer_entry_sluice,
          uniq_natasha, uniq_grinder

Skill      XL: |  1  2  3  4  5 |
---------------+----------------+-----
Armour         | 1 2 |  2.6
Fighting       | 2 3 |  3.0
Dodging        | 3 |  3.4
Evocations     | 4 |  4.2
Short Blades   | |  1.0
Stealth        | |  1.0

Action                   |  1- 3 |  4- 6 || total
-------------------------+-------+-------++-------
Melee: Short sword       |    41 |       ||    41
       Dagger            |    62 |   150 ||   212
Evoke: Wand              |       |     7 ||     7
  Use: Scroll            |       |     4 ||     4
       Potion            |       |     2 ||     2
 Stab: Sleeping          |     1 |     1 ||     2
  Eat: Chunk             |       |     5 ||     5
Armor: Leather armour    |    12 |       ||    12
       Ring mail         |    16 |    72 ||    88
Dodge: Dodged            |    56 |   133 ||   189

Table legend:
 A = Non-vault XP
 B = Vault XP
 C = Vault XP percentage of total XP
 D = Non-vault monster count
 E = Vault monster count
 F = Vault count percentage of total count
                 A         B        C        D         E       F
            +---------+---------+-------+---------+---------+-------
      Total |     205 |     163 |  44.3 |      55 |      16 |  22.5
            +---------+---------+-------+---------+---------+-------
        D:1 |      31 |       0 |   0.0 |      20 |       0 |   0.0
        D:2 |      68 |      12 |  15.0 |      20 |       6 |  23.1
        D:3 |     106 |      44 |  29.3 |      15 |       4 |  21.1
      Sewer |       0 |     107 | 100.0 |       0 |       6 | 100.0
            +---------+---------+-------+---------+---------+-------
